 Dungeon Crawl Stone Soup version 0.31-a0-523-g071a6c1ffa (webtiles) character file.

Game seed: 16080309897956268728

171 innerfire43 the Trooper (level 5, -5/44 HPs)
             Began as a Demonspawn Wanderer on Aug 11, 2023.
             Was a Priest of Uskayaw.
             Slain by ShinQuickMan's ghost (10 damage)
             ... on level 3 of the Dungeon.
             The game lasted 00:04:39 (3213 turns).

innerfire43 the Trooper (Demonspawn Wanderer)       Turns: 3213, Time: 00:04:39

Health: -5/44      AC: 10    Str: 17    XL:     5   Next: 26%
Magic:  5/5        EV:  9    Int: 11    God:    Uskayaw [***...]
Gold:   120        SH:  4    Dex: 12    Spells: 4/4 levels left

rFire   . . .        a - +1 club
rCold   . . .        f - +0 buckler {AC+3}
rNeg    . . .        k - +0 scale mail
rPois   .            (helmet restricted)
rElec   .            (no cloak)
rCorr   .            (no gloves)
SInv    .            (no boots)
Will    .....        (no amulet) Stlth
                     (no ring)
HPRegen 0.27/turn    (no ring)
MPRegen 0.09/turn

%: no passive effects
@: no status effects
A: horns 1, foul stench 2, weakness stinger 1
a: Renounce Religion, Stomp, Line Pass


You were on level 3 of the Dungeon.
You worshipped Uskayaw.
Uskayaw was noncommittal.
You visited 1 branch of the dungeon, and saw 3 of its levels.

You collected 120 gold pieces.

Inventory:

Hand Weapons
 a - a +1 club (weapon)
 j - a +0 rapier
Armour
 e - a +0 leather armour
 f - a +0 buckler of protection (worn)
 k - a +0 scale mail (worn)
Wands
 l - a wand of roots (14)
Scrolls
 c - 2 scrolls of silence
 d - 2 scrolls of vulnerability
 i - a scroll of blinking
Potions
 b - a potion of attraction
 h - a potion of ambrosia
 n - a potion of heal wounds {unknown}
 o - a potion of invisibility
 r - a potion of enlightenment
 s - 2 potions of haste


   Skills:
 * Level 5.1 Fighting
 + Level 3.7 Armour
 + Level 3.7 Shields


You had 4 spell levels left.
You didn't know any spells.
Your spell library contained the following spells:

 Spells                   Type           Power      Damage    Failure   Level
 Sting                    Tmut/Pois      0%         1d3       83%         1


Dungeon Overview and Level Annotations

Branches:
Dungeon (3/15)

Altars:
Dithmenos
Trog
Uskayaw

Annotations:
D:3 ShinQuickMan's ghost, amateur DESu


Innate Abilities, Weirdness & Mutations

You have a pair of small horns on your head.
You sometimes emit foul miasma when damaged in melee.
You have a small tail.


Message History

You block the river rat's attack. The rat closely misses you.
You block ShinQuickMan's ghost's attack.
The river rat closely misses you.
You completely miss ShinQuickMan's ghost.
ShinQuickMan's ghost is heavily damaged.
You block the rat's attack. ShinQuickMan's ghost misses you.
The river rat closely misses you. The rat bites you but does no damage.
Unknown command.
You hit ShinQuickMan's ghost.
ShinQuickMan's ghost is severely damaged.
ShinQuickMan's ghost hits you but does no damage.
You are electrocuted!
The river rat bites you but does no damage.
You block the rat's attack.
ShinQuickMan's ghost hits you but does no damage.
You are electrocuted!!
* * * LOW HITPOINT WARNING * * *
The river rat closely misses you.
The river rat bites you but does no damage.
You hit ShinQuickMan's ghost.
Your headbutt misses ShinQuickMan's ghost.
You tail-slap ShinQuickMan's ghost.
ShinQuickMan's ghost is almost destroyed.
The rat bites you but does no damage. ShinQuickMan's ghost barely misses you.
You block the river rat's attack.
The river rat bites you but does no damage.
The rat barely misses you.
Uskayaw will force your foes to helplessly watch your dance.
Uskayaw prepares the audience for your solo!
The helpless ShinQuickMan's ghost fails to defend itself.
You hit ShinQuickMan's ghost.
You headbutt ShinQuickMan's ghost, but do no damage.
ShinQuickMan's ghost is almost destroyed.
The river rat is no longer paralysed.
ShinQuickMan's ghost is no longer paralysed.
The bat is no longer paralysed.
The rat is no longer paralysed.
The river rat is no longer paralysed.
ShinQuickMan's ghost hits you but does no damage.
You are electrocuted!
You die...

#.# #...##...##....#
#...... #.#
#..##.....##...#
#....#. #.#
#..#⌠.!♣?.⌠#...#
#....#. #.#
#..##.....##...#
#.##.#. #.#
#...##...##...##
#.##.##
##.######...##.##...##
####.#
#........#...#'#...##
####.##
#........##...Wr..##
#......
#........###.br@..##
#...... ##........#
#.#r##..## #......
.........†# #...###..#
#...... ..........#
###.# ##.## #......
..........# #.# #..###
#...... ..........#
#.# ##...# #......
##........# #.#
###.######.##
#........#####.###
#....# #.#
##.########......#
####.###.#


You could see ShinQuickMan's ghost, 2 river rats, a bat (summoned) and a rat
(summoned).

Vanquished Creatures
  A jelly (D:3)
  6 adders
  4 worms (D:3)
  2 dart slugs (D:2)
  3 ball pythons
  7 endoplasms
  5 giant cockroaches
  8 goblins
  6 hobgoblins
  4 jackals (D:2)
  3 quokkas
  3 bats
  3 frilled lizards
  8 kobolds
  6 rats
69 creatures vanquished.

Notes
Turn   | Place    | Note
-------+----------+-------------------------------------------
     0 | D:1      | innerfire43 the Demonspawn Wanderer began the quest for the
                  | Orb.
     0 | D:1      | innerfire43 set off with the following items: a +0 club, a
                  | potion of attraction, a scroll of silence, a scroll of
                  | vulnerability, a +0 leather armour, a +0 buckler of
                  | protection.
     0 | D:1      | Reached XP level 1. HP: 19/19 MP: 1/1
     6 | D:1      | Noticed a water moccasin
     6 | D:1      | Noticed a redback
     7 | D:1      | Noticed a rime drake
   148 | D:1      | Discovered your monstrous ancestry.
   148 | D:1      | Gained mutation: You have a small tail. [demonic ancestry]
   148 | D:1      | Reached XP level 2. HP: 24/25 MP: 2/2
  1030 | D:2      | Gained mutation: You may rarely emit foul miasma when
                  | damaged in melee. [demonic ancestry]
  1030 | D:2      | Reached XP level 3. HP: 31/31 MP: 3/3
  1041 | D:2      | Found a hide-covered altar of Uskayaw.
  1476 | D:2      | Gained mutation: You sometimes emit foul miasma when
                  | damaged in melee. [demonic ancestry]
  1476 | D:2      | Reached XP level 4. HP: 38/38 MP: 4/4
  2099 | D:2      | Became a worshipper of Uskayaw the Reveller
  2237 | D:3      | Reached * piety under Uskayaw
  2266 | D:3      | Reached ** piety under Uskayaw
  2269 | D:3      | Reached *** piety under Uskayaw
  2386 | D:3      | Noticed ShinQuickMan's ghost (amateur DESu)
  2402 | D:3      | Found a runed translucent door.
  2454 | D:3      | Found a bloodstained altar of Trog.
  2454 | D:3      | Found a shadowy altar of Dithmenos.
  2896 | D:3      | Found a faded altar of an unknown god.
  2902 | D:3      | Got Plato's Notes on Reformed Poisoning
  2967 | D:3      | Reached skill level 5 in Fighting
  2971 | D:3      | Gained mutation: You have a pair of small horns on your
                  | head. [demonic ancestry]
  2971 | D:3      | Reached XP level 5. HP: 37/44 MP: 5/5
  3213 | D:3      | Slain by ShinQuickMan's ghost

Illustrated notes

Levels and vault maps discovered:
D:1:      onia_arrival_zoo_common, layout_loops_ring
D:2:      layout_basic, basic_altar, minivault_25, columned_hall_lemuel
D:3:      layout_basic, gammafunk_temple_overflow_elements,
          shapermc_ecumenical_altar_rom_forum, hellmonk_ghost_happy_afterlife,
          gup_sewer_entry_spiral, grunt_ministairs_15

Skill      XL: |  1  2  3  4 |
---------------+-------------+-----
Armour         | 3 |  3.7
Shields        | 3 |  3.7
Fighting       | 5 |  5.1

Action                     |  1- 3 |  4- 6 || total
---------------------------+-------+-------++-------
  Melee: Club              |   169 |   131 ||   300
         Tailslap          |    14 |    16 ||    30
         Headbutt          |       |     8 ||     8
    Use: Scroll            |       |     9 ||     9
         Potion            |       |     1 ||     1
   Stab: Sleeping          |     1 |       ||     1
         Paralysed         |       |     1 ||     1
 Armour: Leather armour    |    35 |       ||    35
         Scale mail        |    61 |    85 ||   146
  Dodge: Dodged            |    78 |    75 ||   153
  Block: Buckler           |    34 |    29 ||    63

Table legend: (Time is in decaauts)
 A = Elapsed time spent in this place.
 B = Non-inter-level travel time spent in this place.
 C = Inter-level travel time spent in this place.
 D = Time resting spent in this place.
 E = Time spent auto-exploring this place.
 F = Levels seen in this place.
 G = Mean time per level.
                   A        B        C        D        E       F      G
               +--------+--------+--------+--------+--------+-----+--------+
         Total |   3350 |   3192 |    158 |      0 |   2478 |   3 | 1116.7 |
       Dungeon |   3350 |   3192 |    158 |      0 |   2478 |   3 | 1116.7 |
               +--------+--------+--------+--------+--------+-----+--------+

Top non-repeatable levels by time:
     D:2: 1250 daAuts
     D:3: 1167 daAuts
     D:1: 932 daAuts
